 Dungeon Crawl Stone Soup version 0.28-a0-706-gf6f64a616a (webtiles) character file.

Game seed: 18445200572431094780

47 lawman0 the Vexing (level 3, -2/32 HPs)
             Began as a Troll Arcane Marksman on Oct 24, 2021.
             Was a Believer of Jiyva.
             Slain by Duvessa (6 damage)
             ... on level 4 of the Dungeon.
             The game lasted 00:03:21 (2191 turns).

lawman0 the Vexing (Troll Arcane Marksman)          Turns: 2191, Time: 00:03:22

Health: -2/32      AC:  4    Str: 17    XL:     3   Next: 48%
Magic:  3/3        EV: 10    Int: 11    God:    Jiyva [**....]
Gold:   136        SH:  0    Dex: 10    Spells: 2/4 levels left

rFire   . . .      SeeInvis .     - Unarmed
rCold   . . .      Faith    .   (no shield)
rNeg    . . .      Spirit   .   a - +0 robe
rPois   .          Reflect  .   (helmet restricted)
rElec   .          Harm     .   (no cloak)
rCorr   .          Rampage  .   (gloves unavailable)
Will    .....                   (boots unavailable)
Stlth   +.........              (no amulet)
HPRegen 1.10/turn               (no ring)
MPRegen 0.08/turn               (no ring)

@: hasted, very quick
A: large, unfitting armour, claws 3, regeneration 1, shaggy fur 1, tough skin 1
a: Renounce Religion, Request Jelly


You were on level 4 of the Dungeon.
You worshipped Jiyva.
Jiyva was pleased with you.
You visited 1 branch of the dungeon, and saw 4 of its levels.

You collected 136 gold pieces.

Inventory:

Missiles
 b - 4 large rocks (quivered)
 c - 2 throwing nets
Armour
 a - a +0 robe (worn)
Jewellery
 f - a +6 ring of dexterity
Scrolls
 d - a scroll of identify
 e - a scroll of enchant weapon
 h - a scroll of immolation


   Skills:
 + Level 0.7 Fighting
 + Level 2.0 Throwing
 + Level 1.9 Dodging
 * Level 1.4 Unarmed Combat
 + Level 1.0 Spellcasting
 * Level 2.4 Hexes


You had 2 spell levels left.
You knew the following spells:

 Your Spells              Type           Power      Damage    Failure   Level
a - Slow                  Hex            6%         N/A       19%         2

Your spell library contained the following spells:

 Spells                   Type           Power      Damage    Failure   Level
 Foxfire                  Conj/Fire      0%         2x1d4     32%         1
 Inner Flame              Hex/Fire       3%         N/A       50%         3
 Portal Projectile        Hex/Tloc       6%         N/A       50%         3
 Conjure Flame            Conj/Fire      0%         6-21      67%         3
 Cause Fear               Hex            3%         N/A       75%         4
 Flame Wave               Conj/Fire      0%         3d3       97%         4
 Discord                  Hex            3%         N/A       100%        8


Dungeon Overview and Level Annotations

Branches:
Dungeon (4/15)
 Temple: D:4-7

Altars:
Vehumet
The Shining One
Jiyva

Annotations:
D:4 Dowan, Duvessa


Innate Abilities, Weirdness & Mutations

You are too large for most types of armour.
You have claws for hands.
Your natural rate of healing is unusually fast.
You are covered in fur. (AC +1)
You have tough skin. (AC +1)


Message History

You scratch Duvessa.
Duvessa is heavily wounded.
Duvessa hits you with a +0 short sword.
You scratch Duvessa.
Duvessa is severely wounded.
You scratch Duvessa.
Duvessa is severely wounded.
Duvessa hits you with a +0 short sword.
Dowan says, "Magic and the sword, together, will defeat you."
Dowan hits you with a +0 dagger.
You completely miss Duvessa.
Duvessa is severely wounded.
Duvessa barely misses you. Dowan hits you but does no damage.
You hear a distant slurping noise.
Jiyva appreciates your sacrifice.
You hear a squelching noise.
You scratch Duvessa but do no damage.
Duvessa is severely wounded.
Duvessa hits you with a +0 short sword. Dowan barely misses you.
You scratch Duvessa but do no damage.
Duvessa is severely wounded.
Duvessa hits you with a +0 short sword.
You hear a distant slurping noise.
Jiyva appreciates your sacrifice. Dowan hits you with a +0 dagger.
Unknown command.
You are too injured to fight recklessly!
You scratch Duvessa.
Duvessa is almost dead.
Duvessa hits you with a +0 short sword!
* * * LOW HITPOINT WARNING * * *
Dowan casts a spell at you. You resist with significant effort.
You feel yourself speed up. Duvessa hits you with a +0 short sword.
* * * LOW HITPOINT WARNING * * *
Dowan closely misses you.
You closely miss Duvessa.
Duvessa is severely wounded.
Duvessa hits you with a +0 short sword.
You die...

#. #.##..# #.
#.##..# #) #.##..#
#.##.##..#
.###.#...#..######
.................#
######...##.####.#
#...###.# #.#
#.### #.# #@#
######## #.#
#.....ee.#
#....... #.#
######...#
#.###### #.# #...#
##.## # #.#
#...######...#####
..#
#...........<....#
###
#..#######...###.#
#..# ##.## #.# #.#
#.#


You could see Duvessa (corroded) and Dowan.

Vanquished Creatures
  2 adders (D:3)
  An orc (D:2)
  4 ball pythons
  3 endoplasms (D:1)
  A giant cockroach (D:1)
  A goblin (D:2)
  3 hobgoblins
  2 jackals (D:2)
  A kobold (D:3)
  3 bats (D:1)
  A frilled lizard (D:1)
  A quokka skeleton (D:4)
  3 rats
26 creatures vanquished.

Vanquished Creatures (others)
  A jelly (D:4)
  Terence (D:2)
  A gnoll (D:4)
  A dart slug (D:2)
  An orc (D:4)
  2 bats (D:2)
  4 goblins
  A hobgoblin (D:4)
  2 jackals (D:2)
  A quokka (D:4)
  A ball python (D:2)
  2 kobolds
  3 rats (D:2)
21 creatures vanquished.

Grand Total: 47 creatures vanquished

Notes
Turn   | Place    | Note
-------+----------+-------------------------------------------
     0 | D:1      | lawman0 the Troll Arcane Marksman began the quest for the
                  | Orb.
     0 | D:1      | Reached XP level 1. HP: 18/18 MP: 1/1
   574 | D:1      | Reached XP level 2. HP: 26/26 MP: 2/2
   618 | D:1      | Found a faded altar of an unknown god.
   717 | D:1      | Prayed at the altar of an unknown god.
   717 | D:1      | Became a worshipper of Jiyva Jonguif the Shapeless
   717 | D:1      | Reached * piety under Jiyva
   718 | D:1      | woot
   900 | D:2      | Learned a level 2 spell: Slow
   937 | D:2      | Killed Terence
  1164 | D:2      | Reached ** piety under Jiyva
  1490 | D:3      | Reached XP level 3. HP: 29/32 MP: 3/3
  1684 | D:3      | Found a glowing golden altar of the Shining One.
  1803 | D:3      | Reached skill level 1 in Unarmed Combat
  1886 | D:3      | Found a radiant altar of Vehumet.
  2179 | D:4      | Noticed Duvessa
  2180 | D:4      | Noticed Dowan
  2191 | D:4      | Slain by Duvessa

Illustrated notes

# #.# #.# #.# #.# #.#.#
#.###.###.# ##+## #.###>#.#
#.........###...## #.##..#.# #
#####.######.....## #.##.##.# #
##..# ##.......## #..#.##.# #
##...####.........####....##.###
#.......+.........'.............
###...####......J..####....######
.......# ##.....@.## #..###
#####..# ##....^.# #.## # # #..#
##...### #.# # # ###..# ##'## #.#
# ###....# #.# #.# # .......#
###.#### #.# # ###.#### #......#
#.# # #.# #....#.#####.# # #.#
#............#


Turn 718 on D:1: woot

Levels and vault maps discovered:
D:1:      lightli_arrival_boilingwater, layout_loops_corners,
          ebering_ecumenical_altar_webs, minmay_fountain_box
D:2:      layout_rooms, chequers_garden, kennysheep_path_1,
          minmay_misc_feat_ornament, uniq_terence
D:3:      layout_loops_cross, mainiacjoe_overflow_big_doors,
          hangedman_abyss_or_decor_lesser_grid, minmay_misc_feat_hallway,
          hangedman_glass_teeth, st_stairs_12, eino_curves_04
D:4:      layout_loops_ring, serial_shops, nicolae_square_shop, uniq_duvessa,
          uniq_grinder

Skill      XL: |  1  2  3 |
---------------+----------+-----
Throwing       | 2 |  2.0
Unarmed Combat | 1 |  1.4
Fighting       | |  0.7
Dodging        | |  1.9
Spellcasting   | |  1.0
Hexes          | |  2.4

Action                   || total
-------------------------++-------
Melee: Unarmed           ||    74
 Cast: Slow              ||     1
  Use: Scroll            ||     5
       Potion            ||     1
 Stab: Sleeping          ||     3
Armor: Robe              ||    34
Dodge: Dodged            ||    75

Table legend: (Time is in decaauts)
 A = Elapsed time spent in this place.
 B = Non-inter-level travel time spent in this place.
 C = Inter-level travel time spent in this place.
 D = Time resting spent in this place.
 E = Time spent auto-exploring this place.
 F = Levels seen in this place.
 G = Mean time per level.
                   A        B        C        D        E       F      G
               +--------+--------+--------+--------+--------+-----+--------+
         Total |   2192 |   2088 |    104 |      0 |   1739 |   4 |  548.0 |
       Dungeon |   2192 |   2088 |    104 |      0 |   1739 |   4 |  548.0 |
               +--------+--------+--------+--------+--------+-----+--------+

Top non-repeatable levels by time:
     D:1: 884 daAuts
     D:3: 758 daAuts
     D:2: 457 daAuts
     D:4: 92 daAuts
